Map: Blackpink LE

Players

combo

  • Race: Terran Terran
  • League: Diamond
  • Spawn Location: 7:00

radgeRayden - Winner!

  • Race: Zerg Zerg
  • League: Diamond
  • Spawn Location: 1:00

VOD

Have the link to the VOD?

Description

Time

  • Played on: Dec. 27, 2017, 9:36 p.m.
  • Length: 21:12
Show
View Real Time Build Order
Export as new Build Order

combo Terran 

Build Orders: Mech 

Get SALT Encoding   

  12  0:08  SCV  
  14  0:21  SCV  
  14  0:37  Supply Depot  
  14  0:38  SCV  
  15  0:51  Refinery  
  15  0:59  SCV  
  16  1:04  Barracks  
  16  1:10  Supply Depot  
  16  1:11  SCV  
  17  1:23  SCV  
  18  1:35  SCV  
  19  1:51  Marine  
  19  1:52  Orbital Command  
  20  1:59  Command Center  
  20  2:09  Marine  
  20  2:14  Factory  
  21  2:24  SCV  
  21  2:25  Refinery  
  21  2:27  Marine  
  23  2:36  SCV  
  24  2:48  SCV  
  25  2:56  Barracks Reactor  
  25  3:00  Cyclone  
  25  3:03  SCV  
  29  3:11  Orbital Command  
  29  3:15  SCV  
  29  3:16  Bunker  
  30  3:27  SCV  
  31  3:36  Supply Depot  
  31  3:46  Cyclone x2, SCV x2  
  39  3:57  Barracks Tech Lab  
  39  3:58  Supply Depot, SCV x2  
  41  4:03  Starport  
  41  4:18  Cyclone  
  41  4:22  Supply Depot  
  44  4:25  Refinery  
  44  4:27  Refinery, SCV x2  
  44  4:30  Cyclone  
  49  4:48  Command Center  
  49  4:54  Supply Depot  
  49  5:03  SCV x2  
  51  5:13  Cyclone x2  
  57  5:16  Supply Depot  
  58  5:28  SCV x2  
  58  5:30  Engineering Bay  
  59  5:40  Banshee  
  59  5:41  Cloaking Field  
  62  5:49  Cyclone x2  
  68  5:55  Supply Depot x2  
  68  5:56  SCV x2  
  70  5:57  Supply Depot  
  70  6:09  Orbital Command  
  70  6:20  Armory  
  70  6:23  Banshee, SCV x2  
  75  6:26  Missile Turret  
  66  6:47  Missile Turret  
  66  6:52  Factory  
  66  6:53  Factory  
  60  6:58  Factory  
  60  6:59  Factory  
  60  7:06  Cyclone x2  
  66  7:08  Missile Turret  
  66  7:11  Banshee  
  69  7:39  Factory Reactor x2  
  69  7:42  Terran Vehicle Weapons Level 1  
  69  7:46  Supply Depot  
  69  7:47  Supply Depot x2  
  69  7:49  Factory Tech Lab  
  69  7:50  Factory Tech Lab  
  69  7:52  Cyclone  
  69  7:53  Banshee  
  72  8:11  Infernal Pre-Igniter  
  71  8:13  Hellion x3  
  75  8:24  Hellion x3  
  75  8:44  Hellion  
  75  8:45  Hellion, Siege Tank x2  
  67  9:08  Hellbat x4  
  67  9:09  Hellbat x2  
  72  9:31  Thor  
  72  9:32  Thor  
  72  9:35  Hellbat x2  
  88  9:45  SCV x2  
  90  10:11  Refinery, Missile Turret, Command Center  
  90  10:14  Refinery  
  59  10:25  Siege Tank x2  
  59  10:26  Hellion x2  
  59  10:27  Hellion x4  
  77  10:29  Command Center  
  77  10:34  Banshee  
  80  10:45  SCV x2  
  82  10:50  Hellion  
  82  10:51  Hellion x5, Sensor Tower  
  94  10:58  SCV x2  
  94  11:00  Thor x2  
  94  11:03  Hellion x5  
  94  11:04  Hellion x7  
  108  11:16  Raven  
  108  11:17  Refinery  
  110  11:22  Hellion, Missile Turret  
  110  11:23  Hellion x4  
  120  11:41  Hellion  
  120  11:43  Hellion, Siege Tank  
  127  11:48  Planetary Fortress  
  127  11:54  Hellion x7  
  127  12:05  Siege Tank  
  127  12:08  Hellion x5  
  116  12:09  Hellion  
  116  12:15  Siege Tank  
  121  12:29  Hellion x2  
  125  12:33  Missile Turret  
  125  12:35  Missile Turret  
  125  12:37  Missile Turret, Terran Vehicle And Ship Armor Level 1, Siege Tank  
  128  12:47  Siege Tank  
  131  12:56  Hellion x3  
  131  12:57  Hellion x2  
  130  13:10  Thor  
  130  13:18  Missile Turret  
  130  13:19  Missile Turret  
  130  13:26  Missile Turret  
  128  13:47  Thor  
  134  13:50  Cyclone  
  134  13:53  Thor  
  134  13:54  SCV x2  
  145  14:04  Missile Turret  
  145  14:08  Missile Turret  
  145  14:15  Missile Turret  
  145  14:17  Sensor Tower  
  145  14:31  Terran Ship Weapons Level 1  
  145  14:35  Hellion x12  
  145  14:42  Raven  
  147  14:48  Missile Turret  
  147  14:51  Missile Turret  
  147  15:05  Cyclone x3  
  159  15:07  Cyclone  
  159  15:09  Missile Turret  
  159  15:13  Missile Turret  
  159  15:24  Raven  
  161  15:46  Missile Turret x2  
  159  15:56  Hellion x4  
  163  16:08  Missile Turret  
  163  16:19  Siege Tank  
  163  16:20  Command Center  
  163  16:21  Hellion, Command Center  
  163  16:22  Siege Tank  
  153  16:51  Thor  
  153  16:52  Missile Turret  
  159  16:54  Missile Turret  
  159  16:55  SCV  
  160  17:10  Hellion x2  
  160  17:12  Missile Turret  
  164  17:16  Missile Turret  
  164  17:17  Refinery x2  
  164  17:31  Thor  
  164  17:33  Missile Turret, Planetary Fortress  
  164  17:36  Missile Turret, Sensor Tower  
  164  18:20  Supply Depot  
  164  18:22  Supply Depot x2  
  164  18:26  Siege Tank x2  
  170  18:41  Supply Depot x2  
  170  18:43  Supply Depot x2  
  170  18:44  Supply Depot  
  170  18:46  Supply Depot x2  
  170  18:47  Hellbat  
  170  18:48  Hellbat x2  
  176  18:57  Thor  
  167  19:15  Thor  
  164  19:17  Hellbat  
  164  19:40  Thor  
  170  19:51  Hellbat  
  157  19:58  Hellbat, Thor  
  95  20:23  Siege Tank  
Show
View Real Time Build Order
Export as new Build Order

radgeRayden Zerg - Winner!

Build Orders: Hatch First 

Get SALT Encoding   

  12  0:02  Drone  
  13  0:13  Overlord  
  13  0:17  Drone  
  14  0:32  Drone x2  
  16  0:36  Drone  
  17  0:54  Hatchery  
  16  1:01  Drone  
  17  1:05  Drone  
  17  1:07  Extractor  
  17  1:17  Spawning Pool  
  16  1:18  Drone  
  16  1:22  Drone  
  18  1:37  Drone  
  18  1:39  Overlord  
  19  2:06  Queen x2  
  19  2:07  Zergling x2  
  19  2:08  Zergling x2  
  25  2:11  Metabolic Boost  
  25  2:18  Drone x3  
  29  2:22  Drone  
  29  2:36  Drone  
  30  2:37  Drone  
  31  2:50  Hatchery  
  30  2:54  Overlord  
  30  2:56  Overlord  
  30  3:12  Queen x2  
  34  3:14  Drone  
  35  3:24  Drone x4  
  35  3:25  Drone  
  40  3:27  Drone  
  40  3:33  Overlord  
  41  3:38  Baneling Nest  
  41  3:40  Drone  
  41  3:43  Drone  
  41  3:46  Drone  
  43  3:54  Queen  
  46  4:02  Drone  
  46  4:03  Drone x4  
  46  4:07  Zergling x6  
  46  4:08  Zergling x2  
  54  4:14  Drone x2  
  55  4:24  Zergling x2  
  55  4:25  Zergling x2  
  55  4:27  Overlord x3  
  57  4:31  Lair  
  57  4:44  Queen  
  59  4:54  Zergling x14  
  59  4:55  Zergling x10  
  59  4:57  Baneling x7  
  71  5:01  Extractor  
  71  5:02  Drone x2  
  71  5:03  Extractor, Drone  
  71  5:05  Drone  
  73  5:07  Overlord  
  73  5:24  Queen  
  75  5:31  Drone x2  
  75  5:34  Drone x4  
  81  5:37  Extractor  
  81  5:40  Zergling x16, Hydralisk Den  
  87  6:01  Hatchery  
  86  6:09  Drone x4  
  89  6:17  Baneling x3  
  89  6:18  Baneling x2  
  89  6:22  Muscular Augments  
  89  6:25  Overlord x5  
  87  6:38  Zergling x4  
  87  6:39  Zergling x14  
  86  6:40  Zergling x8  
  87  7:09  Drone  
  87  7:10  Drone x7  
  87  7:13  Extractor  
  94  7:26  Overseer  
  94  7:27  Evolution Chamber, Hatchery  
  91  7:31  Hydralisk x2  
  91  7:32  Hydralisk x7  
  106  7:52  Pneumatized Carapace  
  103  8:05  Drone x3  
  104  8:06  Drone x4  
  104  8:07  Drone x4  
  109  8:18  Zerg Melee Weapons Level 1  
  109  8:28  Drone x4  
  101  8:47  Zergling x22  
  101  8:48  Zergling x10  
  102  9:06  Hydralisk x6  
  114  9:14  Zergling x6  
  115  9:17  Overseer x4  
  113  9:25  Hydralisk x4  
  121  9:38  Drone x2  
  121  9:39  Drone x2  
  121  9:40  Extractor  
  121  9:41  Extractor  
  121  9:45  Centrifical Hooks  
  123  9:46  Evolution Chamber  
  123  9:50  Baneling x6  
  122  9:57  Queen  
  99  10:26  Spire, Zerg Ground Armor Level 1  
  99  10:27  Zerg Melee Weapons Level 2  
  94  10:30  Zergling x2  
  94  10:31  Zergling x30  
  94  10:32  Zergling x12  
  116  10:51  Infestation Pit  
  116  10:52  Hatchery  
  116  10:53  Drone x2  
  116  10:54  Drone  
  116  10:55  Drone  
  116  10:56  Drone x3  
  121  11:01  Baneling  
  121  11:02  Baneling x15  
  121  11:03  Overlord x6  
  121  11:04  Zergling x2  
  121  11:05  Zergling x8  
  121  11:10  Hydralisk x6  
  138  11:18  Extractor  
  137  11:47  Mutalisk x6  
  137  11:48  Mutalisk x3  
  137  11:51  Mutalisk  
  137  13:05  Drone x6  
  137  13:06  Drone  
  136  13:16  Drone  
  136  13:17  Drone x5  
  136  13:19  Drone x5  
  150  13:20  Drone x6  
  150  13:24  Hive  
  150  13:26  Zerg Ground Armor Level 2  
  151  13:27  Zerg Missile Weapons Level 1  
  132  13:38  Zergling x18  
  141  13:51  Extractor  
  141  13:54  Spore Crawler  
  139  13:56  Extractor  
  139  14:00  Drone  
  139  14:01  Drone x2  
  141  14:09  Spine Crawler  
  140  14:10  Spine Crawler  
  140  14:16  Spine Crawler  
  138  14:18  Spine Crawler  
  128  14:42  Ultralisk Cavern  
  128  14:44  Adrenal Glands  
  128  14:45  Zergling x2  
  128  14:46  Zergling x40  
  128  14:47  Zergling x12  
  154  15:01  Greater Spire  
  154  15:04  Spire, Hydralisk x5  
  154  15:05  Hydralisk  
  165  15:20  Overlord  
  165  15:24  Hatchery  
  164  15:35  Ultralisk x5  
  194  15:42  Zerg Melee Weapons Level 3  
  185  16:08  Chitinous Plating  
  185  16:12  Drone x4  
  185  16:14  Overlord x3  
  185  16:17  Zerg Flyer Weapons Level 1, Zerg Flyer Armor Level 1  
  185  16:18  Corruptor x6  
  189  16:19  Corruptor  
  195  16:31  Drone  
  195  16:32  Drone x4  
  200  16:38  Zerg Ground Armor Level 3  
  200  16:48  Extractor  
  200  16:49  Extractor  
  198  16:55  Brood Lord  
  190  17:26  Brood Lord x4  
  190  17:29  Zergling x2  
  160  18:09  Ultralisk  
  160  18:10  Ultralisk x7  
  192  18:18  Zerg Missile Weapons Level 2  
  192  18:21  Drone  
  188  19:16  Hatchery  
  157  19:23  Ultralisk x6  
  157  19:24  Ultralisk x2  
  175  19:25  Zergling x16  
  175  19:26  Zergling x22  
  178  19:58  Zergling x10  
  178  19:59  Zergling x42  
  155  20:07  Zergling x6  
  110  20:31  Drone  
  110  20:32  Drone x7  
Tags
 
Composition
Mech
Matchup
TvZ
Spawn Locations
Cross Positions
Add a new tag
Caveats
  • Supply blocks, unpowered buildings, or Contaminate may cause inaccurate times.
  • Supply counts are checked every 10 seconds.